 Dungeon Crawl Stone Soup version 0.29-a0-823-gc37b1572da (webtiles) character file.

Game seed: 5893111296576860616

416 IdlyInterested the Shield-Bearer (level 6, -2/47 HPs)
             Began as a Demonspawn Fighter on July 8, 2022.
             Succumbed to an orc wizard's poison
             ... on level 4 of the Dungeon.
             The game lasted 00:09:33 (3977 turns).

IdlyInterested the Shield-Bearer (DsFi)             Turns: 3977, Time: 00:09:33

Health: -2/47      AC: 13    Str: 16    XL:     6   Next: 60%
Magic:  9/9        EV:  9    Int: 12    God:
Gold:   45         SH: 12    Dex: 12    Spells: 6/9 levels left

rFire   . . .      SeeInvis .   a - +0 flail
rCold   . . .      Faith    .   o - +0 kite shield
rNeg    . . .      Spirit   .   v - +0 chain mail
rPois   .          Reflect  .   r - +0 helmet
rElec   .          Harm     .   (no cloak)
rCorr   .          Rampage  .   (no gloves)
Will    .....                   g - +0 pair of boots
Stlth   ..........              (no amulet)
HPRegen 0.15/turn               p - +4 ring of evasion
MPRegen 0.11/turn               (no ring)

@: lethally poisoned (-2 -> -11)
A: claws 1, icy blue scales 1, foul stench 1, condensation shield
a: no special abilities


You were on level 4 of the Dungeon.
You visited 1 branch of the dungeon, and saw 4 of its levels.

You collected 123 gold pieces.
You spent 78 gold pieces at shops.

Inventory:

Hand Weapons
 a - a +0 flail (weapon)
Missiles
 f - 4 boomerangs (quivered)
 x - 2 boomerangs of dispersal
Armour
 b - a +0 scale mail
 c - a +0 buckler
 g - a +0 pair of boots (worn)
 j - a +0 leather armour
 o - a +0 kite shield (worn)
 r - a +0 helmet (worn)
 v - a +0 chain mail (worn)
 z - a +0 ring mail
Jewellery
 p - a +4 ring of evasion (left claw)
Wands
 s - a wand of flame (27)
Scrolls
 e - a scroll of amnesia
 k - a scroll of immolation
 q - a scroll of fog
Potions
 d - a potion of might
 h - 3 potions of degeneration {unknown}
 n - a potion of haste {unknown}
 u - a potion of curing {unknown}
 w - a potion of attraction {unknown}
 A - a potion of cancellation


   Skills:
 - Level 3.0 Fighting
 + Level 3.3 Maces & Flails
 - Level 3.0 Armour
 + Level 3.9 Shields
 + Level 2.2 Spellcasting
 * Level 3.8 Hexes


You had 6 spell levels left.
You knew the following spells:

 Your Spells              Type           Power      Damage    Failure   Level
a - Tukima's Dance        Hex            10%        N/A       100%        3

Your spell library contained the following spells:

 Spells                   Type           Power      Damage    Failure   Level
 Passage of Golubria      Tloc           1%         N/A       100%        4
 Yara's Violent Unravell  Hex/Tmut       2%         3d3       100%        5


Dungeon Overview and Level Annotations

Branches:
Dungeon (4/15)
 Temple: D:4-7

Altars:
Kikubaaqudgha

Shops:
D:1 *


Innate Abilities, Weirdness & Mutations

You have sharp fingernails.
You are partially covered in icy blue scales. (AC +2)
You may rarely emit foul miasma when damaged in melee.
A meltable shield of frost defends you. (SH +4)


Message History

You feel sick.
The kobold shoots a sling bullet.
The sling bullet closely misses you.
You feel less invigorated.
You feel sick.
The kobold shoots a sling bullet.
The sling bullet hits you but does no damage.
You feel sick.
The kobold shoots a sling bullet.
The sling bullet barely misses you.
You feel sick.
The orc wizard casts a spell.
The orc wizard flickers and vanishes!
Deactivating autopickup; reactivate with Ctrl-A.
The orc hits you but does no damage.
You bump into the rock wall.
You feel sick.
You feel sick.
You are no longer poisoned.
The kobold shoots a sling bullet.
The sling bullet closely misses you.
You hear a shout!
You barely miss something.
The kobold shoots a sling bullet.
Something hits you but does no damage.
You are poisoned.
The kobold shoots a sling bullet.
The sling bullet hits you.
* * * LOW HITPOINT WARNING * * *
You bump into the rock wall.
You feel less confused.
You feel sick. Something hits you but does no damage.
The kobold shoots a sling bullet.
You miss something.
You feel sick. Something hits you but does no damage.
You are lethally poisoned!
The kobold shoots a sling bullet.
The sling bullet barely misses you.
You hear some strange, mumbled words.
A puff of flame appears from out of thin air!
You block the puff of flame.
You hit something.
* * * LOW HITPOINT WARNING * * *
You feel very sick.
The kobold shoots a sling bullet.
Something hits you.
* * * LOW HITPOINT WARNING * * *
A quokka comes into view.
The kobold shoots a sling bullet.
You block the sling bullet.
You closely miss something.
You die...

..# ..# .. #.# .# #.##
.# #..## .######
##...###..
......#######
#K.....r.8
..###.......#
##{oo.###..
..###..####.####@#..##
.†.†...†<).))...##.##
#.###..###..###..#.#
##.....# #..# #....#
#......###.## #..#.#
.#####.....# .......
## #.....# #........ #
#.....# ##.##.#.# #
#...<.# .. .#.#


You could see 2 orcs, a quokka and a kobold.

Vanquished Creatures
  A black bear (D:4)
  A scorpion (D:4)
  A vampire bat (D:3)
  A howler monkey (D:4)
  An iguana (D:3)
  A gnoll (D:4)
  7 adders
  A white imp (D:4)
  An ufetubus (D:4)
  A worm (D:3)
  2 dart slugs (D:2)
  4 orcs
  5 ball pythons
  3 bats
  5 bat skeletons (D:3)
  A bat zombie (D:3)
  5 endoplasms
  4 giant cockroaches
  3 goblins
  3 hobgoblins
  3 jackals (D:3)
  5 kobolds
  4 quokkas
  3 frilled lizards
  A rat (D:3)
67 creatures vanquished.

Notes
Turn   | Place    | Note
-------+----------+-------------------------------------------
     0 | D:1      | IdlyInterested the Demonspawn Fighter began the quest for
                  | the Orb.
     0 | D:1      | Reached XP level 1. HP: 18/18 MP: 1/1
   485 | D:1      | Found Yfferae's Assorted Antiques.
   498 | D:1      | Gained mutation: A meltable shield of frost defends you.
                  | (SH +4) [demonic ancestry]
   498 | D:1      | Reached XP level 2. HP: 11/24 MP: 2/2
  1386 | D:2      | Reached skill level 1 in Hexes
  1386 | D:2      | Gained mutation: You may rarely emit foul miasma when
                  | damaged in melee. [demonic ancestry]
  1386 | D:2      | Reached XP level 3. HP: 29/29 MP: 3/3
  2028 | D:1      | Bought a scroll labelled DAJODETHIO for 26 gold pieces
  2028 | D:1      | Bought a scroll labelled URIYPROSAI for 26 gold pieces
  2264 | D:3      | Found a faded altar of an unknown god.
  2584 | D:3      | Gained mutation: You have sharp fingernails. [demonic
                  | ancestry]
  2584 | D:3      | Reached XP level 4. HP: 24/35 MP: 3/5
  2594 | D:3      | Reached skill level 1 in Spellcasting
  3103 | D:3      | Learned a level 3 spell: Tukima's Dance
  3189 | D:3      | Found an ancient bone altar of Kikubaaqudgha.
  3221 | D:3      | Reached XP level 5. HP: 41/41 MP: 5/7
  3651 | D:1      | Bought a scroll labelled VUMUARA MORU for 26 gold pieces
  3796 | D:4      | Noticed a black bear
  3809 | D:4      | Killed a black bear
  3810 | D:4      | Gained mutation: You are partially covered in icy blue
                  | scales. (AC +2) [demonic ancestry]
  3810 | D:4      | Reached XP level 6. HP: 33/47 MP: 7/9
  3976 | D:4      | HP: 1/47 [something (4)]
  3977 | D:4      | Succumbed to an orc wizard's poison

Illustrated notes

Levels and vault maps discovered:
D:1:      saegor_arrival_simple_e, layout_basic, serial_shops,
          nicolae_shop_overgrown_old_shop
D:2:      layout_loops_cross
D:3:      layout_basic, kennysheep_vampire_church,
          hellmonk_ecumenical_altar_dog_temple, due_unseen_surprise
D:4:      cheibrodos_barr_body, layout_loops_cross, nicolae_ru_path_of_blood

Skill      XL: |  1  2  3  4  5 |
---------------+----------------+-----
Maces & Flails | 2 3 |  3.3
Armour         | 3 |  3.0
Shields        | 3 |  3.9
Hexes          | 1 2 3 |  3.8
Spellcasting   | 1 2 |  2.2
Fighting       | |  3.0

Action                   |  1- 3 |  4- 6 || total
-------------------------+-------+-------++-------
Melee: Flail             |   158 |   146 ||   304
Throw: Boomerang         |       |     4 ||     4
  Use: Scroll            |       |     9 ||     9
       Potion            |       |     2 ||     2
Armor: Scale mail        |    71 |       ||    71
       Chain mail        |       |    74 ||    74
Dodge: Dodged            |    69 |    54 ||   123
Block: Buckler           |    19 |       ||    19
       Kite shield       |    88 |   127 ||   215

Table legend: (Time is in decaauts)
 A = Elapsed time spent in this place.
 B = Non-inter-level travel time spent in this place.
 C = Inter-level travel time spent in this place.
 D = Time resting spent in this place.
 E = Time spent auto-exploring this place.
 F = Levels seen in this place.
 G = Mean time per level.
                   A        B        C        D        E       F      G
               +--------+--------+--------+--------+--------+-----+--------+
         Total |   4107 |   3840 |    267 |   1012 |   1911 |   4 | 1026.8 |
       Dungeon |   4107 |   3840 |    267 |   1012 |   1911 |   4 | 1026.8 |
               +--------+--------+--------+--------+--------+-----+--------+

Top non-repeatable levels by time:
     D:3: 1614 daAuts
     D:2: 1118 daAuts
     D:1: 1078 daAuts
     D:4: 295 daAuts
